 Dungeon Crawl Stone Soup version 0.24-a0-205-g1d96822 (console) character file.

Game seed: 10446333855829119014

210 Voker57 the Skirmisher (level 5, -1/43 HPs)
             Began as a Demonspawn Monk on Mar 28, 2019.
             Was a Priest of Trog.
             Slain by an adder (3 damage)
             ... on level 4 of the Dungeon.
             The game lasted 00:04:54 (3236 turns).

Voker57 the Skirmisher (Demonspawn Monk)            Turns: 3236, Time: 00:04:55

Health: -1/43      AC:  4    Str: 11    XL:     5   Next: 56%
Magic:  5/5        EV: 15    Int: 11    God:    Trog [***...]
Gold:   155        SH:  0    Dex: 17    Spells: 4/4 levels left

rFire    + . .     SeeInvis .   k - +0 broad axe (freeze)
rCold    . . .     Gourm    .   (no shield)
rNeg     . . .     Faith    .   b - +0 robe
rPois    .         Spirit   .   j - +2 hat
rElec    .         Reflect  .   (no cloak)
rCorr    .         Harm     .   (no gloves)
MR       .....                  (no boots)
Stlth    ++........             (no amulet)
HPRegen  0.14/turn              (no ring)
MPRegen  0.09/turn              (no ring)

@: lethally poisoned (-1 -> -4)
A: horns 1, fire resistance 1
a: Berserk, Trog's Hand, Renounce Religion


You were on level 4 of the Dungeon.
You worshipped Trog.
Trog was most pleased with you.
You were not hungry.

You visited 1 branch of the dungeon, and saw 4 of its levels.

You collected 155 gold pieces.

Inventory:

Hand Weapons
 a - a +0 falchion
 k - a +0 broad axe of freezing (weapon)
Missiles
 g - 3 tomahawks (quivered)
Armour
 b - a +0 robe (worn)
 j - a +2 hat (worn)
Jewellery
 e - a +3 ring of intelligence {unknown}
 f - a +6 ring of slaying {unknown}
 m - an uncursed amulet of the acrobat {unknown}
Scrolls
 d - a scroll of remove curse {unknown}
 h - a scroll of amnesia
 i - 2 scrolls of identify
 p - a scroll of enchant weapon {unknown}
Comestibles
 c - 11 rations
 l - a chunk of flesh


   Skills:
 + Level 4.8 Fighting
 - Level 2.6 Long Blades
 + Level 0.8 Axes
 + Level 4.4 Dodging
 - Level 1.7 Stealth


You had 4 spell levels left.
You didn't know any spells.
Your spell library was empty.

Dungeon Overview and Level Annotations

Branches:
Dungeon (4/15)
 Temple: D:4-7

Altars:
Trog


Innate Abilities, Weirdness & Mutations

You have a pair of small horns on your head.
Your flesh is heat resistant. (rF+)


Message History

The worker ant is almost dead.
You barely miss the orc.
You feel sick. The worker ant barely misses you. The worker ant misses you.
The orc hits you but does no damage. The orc closely misses you.
You slash the worker ant! You freeze the worker ant.
You kill the worker ant!
Trog accepts your kill.
You slash the orc! You freeze the orc.
You kill the orc!
Trog accepts your kill.
You hit the orc. You freeze the orc.
You feel sick. The orc hits you but does no damage. The adder bites you.
The orc priest calls down the wrath of Beogh upon you.
Beogh smites you!
* * * LOW HITPOINT WARNING * * *
You aren't carrying any potions.
You barely miss the orc priest. You headbutt the orc priest.
The orc priest is lightly wounded.
You hit the adder. You freeze the adder. You barely miss the orc.
* * * LOW HITPOINT WARNING * * *
You feel sick. The adder bites you.
You die...

#....... ........# .......# ##
######## ###...#... # #.#
#......###.....#...
##.....##..##..............#...
.#...................###........
....... #..........###.........
#.....###..............###.....
.#......## ##.oo.........#......
.........###..S@..$....#.##.....
.........##...##......##.....###
#.............##......#........
#.%......!.S.###.....#....<....
##........#### #...............
###.......# .................
#........# ..................
.[......>.# ............#....#
##.....>.... .....##..###
.....)....## ..... #.## .....
...


You could see an orc priest, an adder and an orc.

Vanquished Creatures
  A hound (D:4)
  A worker ant (D:4)
  3 gnolls (D:3)
  6 adders
  An ooze (D:2)
  A worm (D:2)
  2 dart slugs
  3 leopard geckos
  2 orcs
  2 giant cockroaches
  6 goblins
  9 hobgoblins
  4 kobolds
  2 quokkas (D:3)
  2 ball pythons
  6 bats
  6 frilled lizards
  10 rats
67 creatures vanquished.

Notes
Turn   | Place    | Note
-------+----------+-------------------------------------------
     0 | D:1      | Voker57 the Demonspawn Monk began the quest for the Orb.
     0 | D:1      | Reached XP level 1. HP: 18/18 MP: 1/1
   417 | D:1      | Gained mutation: You have a pair of small horns on your
                  | head. [demonic ancestry]
   417 | D:1      | Reached XP level 2. HP: 20/24 MP: 2/2
   907 | D:2      | Gained mutation: Your flesh is heat resistant. (rF+)
                  | [demonic ancestry]
   907 | D:2      | Reached XP level 3. HP: 14/30 MP: 3/3
  1689 | D:2      | Reached XP level 4. HP: 37/37 MP: 4/4
  1899 | D:3      | Found a faded altar of an unknown god.
  1914 | D:3      | Became a worshipper of Trog the Wrathful
  1914 | D:3      | Reached * piety under Trog
  1914 | D:3      | Reached ** piety under Trog
  2628 | D:3      | Reached *** piety under Trog
  2833 | D:3      | Reached XP level 5. HP: 15/43 MP: 5/5
  3236 | D:4      | HP: 2/43 [poisoned by a worker ant]
  3236 | D:4      | Slain by an adder

Levels and vault maps discovered:
D:1:      onia_arrival_mini_maze, layout_rooms
D:2:      layout_rooms
D:3:      layout_loops_ring, chequers_ecumenical_altar_simple_redux,
          first_ration
D:4:      layout_cave_pools, hangedman_decor_diamond_cutter, uniq_duvessa,
          uniq_menkaure

Skill      XL: |  1  2  3  4 |
---------------+-------------+-----
Dodging        | 3 4 |  4.4
Fighting       | 4 |  4.8
Long Blades    | |  2.6
Axes           | |  0.8
Stealth        | |  1.7

Action                   |  1- 3 |  4- 6 || total
-------------------------+-------+-------++-------
Melee: Falchion          |    88 |       ||    88
       Headbutt          |    19 |    12 ||    31
       Broad axe         |    20 |    82 ||   102
Throw: Tomahawk          |       |     3 ||     3
  Use: Potion            |     2 |     3 ||     5
       Scroll            |       |     3 ||     3
 Stab: Sleeping          |     3 |     1 ||     4
  Eat: Chunk             |     2 |     6 ||     8
Armor: Robe              |     9 |    22 ||    31
       Skin              |       |    15 ||    15
Dodge: Dodged            |    95 |   114 ||   209
       Rpst.: Falchion   |    25 |       ||    25

Table legend:
 A = Non-vault XP
 B = Vault XP
 C = Vault XP percentage of total XP
 D = Non-vault monster count
 E = Vault monster count
 F = Vault count percentage of total count
                 A         B        C        D         E       F
            +---------+---------+-------+---------+---------+-------
      Total |     299 |       1 |   0.3 |      66 |       1 |   1.5
            +---------+---------+-------+---------+---------+-------
        D:1 |      33 |       1 |   2.9 |      19 |       1 |   5.0
        D:2 |      78 |       0 |   0.0 |      21 |       0 |   0.0
        D:3 |     109 |       0 |   0.0 |      22 |       0 |   0.0
        D:4 |      79 |       0 |   0.0 |       4 |       0 |   0.0
            +---------+---------+-------+---------+---------+-------
